AoeStats
← fatihatac

Arabia

507816200Analyzed
1v1 RM · 11d ago on Sep 19, 2026· 41m 28s· 2 players
Game mode
Random Map
Map size
Tiny (2 player)
Population
200
Speed
Normal
Resources
Standard
Victory
Conquest
Starting age
Dark Age
Ending age
Imperial Age
RankedLock teamsTeams togetherTeam positionsShared explorationLock speedFull tech treeHidden civsTurbo modeCheats
Victory
Defeat
🇹🇷 Franks · Türkiye
680
+18
🇺🇸 Bulgarians · United States
720
-18
fatihatac
12:06 Feudal Age
15:20 Forging
21:22 Castle Age
20:30 Scale Barding Armor
23:48 Husbandry
27:32 Wheelbarrow
26:59 Loom
28:40 Double-Bit Axe
31:24 Hand Cart
35:23 Chain Barding Armor
35:39 Iron Casting
40:16 Imperial Age
41:20 Capped Ram
Zaknafein615
12:02 Feudal Age
16:33 Castle Age
17:00 Scale Barding Armor
17:19 Forging
22:16 Horse Collar
22:26 Double-Bit Axe
27:53 Bow Saw
29:24 Wheelbarrow
29:33 Iron Casting
35:13 Bloodlines
35:08 Husbandry
35:07 Gold Mining
Connection lost

Rejoining the realm…

Still unreachable

The connection could not be restored.

Session expired

The server has moved on; the page needs a fresh start.